 Dungeon Crawl Stone Soup version 0.25-a0-697-g890751e744 (webtiles) character file.

Game seed: 13629733171272874898, levelgen mode: deterministic

6852 Esekla the Slasher (level 11, -8/80 (81) HPs)
             Began as a Formicid Abyssal Knight on Apr 1, 2020.
             Was a High Priest of Lugonu.
             Splashed by an acid dragon's acid (12 damage)
             ... on level 8 of the Dungeon.
             The game lasted 02:04:49 (10759 turns).

Esekla the Slasher (Formicid Abyssal Knight)       Turns: 10759, Time: 02:04:53

HP:   -8/80 (81)    AC:  7    Str: 19    XL:     11   Next: 26%
MP:   7/19          EV: 12    Int: 15    God:    Lugonu [*****.]
Gold: 58            SH:  7    Dex: 10    Spells: 7/21 levels left

rFire    . . .     SeeInvis +   a - +2 falchion
rCold    . . .     Gourm    .   R - +3 buckler {AC+3}
rNeg     + . .     Faith    .   n - +0 troll leather armour
rPois    .         Spirit   .   (helmet unavailable)
rElec    .         Reflect  .   t - +0 cloak
rCorr    .         Harm     .   u - +0 pair of gloves
MR       +....                  b - +0 pair of boots (curse)
Stlth    ++........             B - amulet of the acrobat
HPRegen  0.63/turn              p - +2 ring of intelligence
MPRegen  0.16/turn              Q - ring of positive energy

@: corroded
A: permanent stasis, dig shafts and tunnels, four strong arms, antennae 3
a: Dig, Shaft Self, Depart the Abyss, Bend Space, Banish, Corrupt, Enter the
Abyss, Renounce Religion


You were on level 8 of the Dungeon.
You worshipped Lugonu.
Lugonu was extremely pleased with you.
You were very hungry.

You visited 1 branch of the dungeon, and saw 12 of its levels.
You visited the Abyss 1 time.
You visited 1 bazaar.
You also visited: Ossuary.

You collected 620 gold pieces.
You spent 562 gold pieces at shops.

Inventory:

Hand Weapons
 a - a +2 falchion (weapon)
 h - a +2 dagger of holy wrath
 r - a +1 vorpal halberd
 v - a +2 short sword of venom
Missiles
 k - 7 boomerangs of dispersal
 m - 2 silver javelins
 L - 5 boomerangs (quivered)
 O - 2 javelins
Armour
 b - a cursed +0 pair of boots (worn)
 e - a +1 scale mail of positive energy
 i - the +3 leather armour of Ruim Oteg {rCorr}
   (You found it on level 12 of the Dungeon)

   It provides partial protection from all sources of acid and corrosion.
 n - a +0 troll leather armour (worn)
 t - a +0 cloak (worn)
 u - a +0 pair of gloves (worn)
 C - a +2 scale mail of cold resistance
 N - +0 steam dragon scales
 R - a +3 buckler of protection (worn)
Jewellery
 p - a +2 ring of intelligence (left hand)
 x - an uncursed ring of flight
 A - an uncursed ring of ice
 B - an amulet of the acrobat (around neck)
 Q - a ring of positive energy (right hand)
Wands
 j - a wand of digging (6)
 q - a wand of polymorph (5)
 s - a wand of flame (10)
 z - a wand of paralysis (8)
 M - a wand of random effects (17)
 P - a wand of iceblast (8)
Scrolls
 f - 4 scrolls of enchant weapon
 l - 7 scrolls of remove curse
 y - a scroll of fear
 D - a scroll of fog
 I - 2 scrolls of amnesia
 J - a scroll of noise
Potions
 d - a potion of flight
 g - 2 potions of curing
 o - 2 potions of brilliance
 w - a potion of heal wounds
 E - a potion of lignification
 F - a potion of stabbing
 G - a potion of mutation
 H - a potion of might
 K - a potion of invisibility
Comestibles
 c - 8 rations


   Skills:
 + Level 6.0 Fighting
 + Level 3.9(6.0) Short Blades
 + Level 7.0(7.5) Long Blades
 + Level 0.1 Polearms
 + Level 3.4 Throwing
 + Level 5.2 Armour
 + Level 3.2 Dodging
 + Level 2.9 Stealth
 * Level 2.1 Shields
 * Level 5.6 Spellcasting
 * Level 4.2 Conjurations
 * Level 6.0 Summonings
 * Level 1.8 Fire Magic
 * Level 3.7 Air Magic
 * Level 3.5 Poison Magic
 + Level 2.4 Invocations


You had 7 spell levels left.
You knew the following spells:

 Your Spells              Type           Power        Failure   Level  Hunger
c - Mephitic Cloud        Conj/Pois/Air  ###.....     12%         3    ###....
e - Searing Ray           Conj           ###...       4%          2    #......
f - Conjure Flame         Conj/Fire      ##......     16%         3    ###....
s - Summon Lightning Spi  Summ/Air       ###.....     26%         4    ####...
v - Poisonous Vapours     Pois/Air       ###...       6%          2    #......

Your spell library contained the following spells:

 Spells                   Type           Power        Failure   Level  Hunger
 Summon Small Mammal      Summ           ###.         1%          1    None
 Call Imp                 Summ           ###.....     2%          2    #......
 Magic Dart               Conj           ###.         3%          1    None
 Call Canine Familiar     Summ           ###.....     4%          3    ###....
 Corpse Rot               Necr/Air       N/A          13%         2    #......
 Summon Guardian Golem    Hex/Summ       ##......     16%         3    ###....
 Dazzling Flash           Conj/Hex       ##....       24%         3    ###....
 Summon Ice Beast         Ice/Summ       ##......     47%         4    ####...
 Fulminant Prism          Conj/Hex       ##........   61%         4    ####...
 Iskenderun's Mystic Bla  Conj/Tloc      ##......     61%         4    ####...
 Freezing Cloud           Conj/Ice/Air   ##........   100%        6    #######
 Ring of Flames           Chrm/Fire      #.........   100%        7    #######


Dungeon Overview and Level Annotations

Branches:
Dungeon (12/15)            Temple (0/1) D:4         Ossuary (visited)
   Lair: D:8-11         Orc: D:9-12

Altars:
Ashenzari
Cheibriados
Dithmenos
Hepliaklqana
Kikubaaqudgha
Sif Muna
Trog
Uskayaw
Vehumet
Xom
Yredelemnul
The Shining One

Annotations:
D:9 Joseph
D:11 Gastronok


Innate Abilities, Weirdness & Mutations

You cannot be hasted, slowed, berserked, paralysed or teleported.
You can dig through walls and to a lower floor.
Your four strong arms can wield two-handed weapons with a shield.
You have a pair of large antennae on your head. (SInv)


Message History

The acid dragon misses you. You block the acid dragon's attack.
You closely miss the acid dragon.
The acid dragon is moderately wounded.
The tengu warrior is engulfed in noxious fumes.
The acid dragon bites you.
* * * LOW HITPOINT WARNING * * *
The acid dragon claws you.
* * * LOW HITPOINT WARNING * * *
The tengu warrior is engulfed in noxious fumes.
Okay, then.
Press: ? - help, v - describe, . - travel
Here: an acid dragon (noxious fumes, moderately wounded)
The floor.
You barely miss the acid dragon.
The acid dragon is moderately wounded.
The acid dragon spits acid at you. The splash of acid hits you!
* * * LOW HITPOINT WARNING * * *
The acid corrodes you!
You are splashed with acid!
You die...

#####..#..#..#####.#
#(.(...#).#..{...#.#
#......#.!#..†...#>.
#..#####..#####..#.#
#......#..#..$...#.#
#......#..#......#.#
#####..#..#..#####.#
#.8....#..#......#.#
#..@...#..#O.....#.#
#.D#####..#####..#.#
#°°....#..# #..
#°Q.D..#..# ###
#####..#..# #..#..#
{ { #..#..# {
#$.)'.^#..# {{
########..#


You could see a tengu warrior (confused), an acid dragon and a friendly
lightning spire.

Vanquished Creatures
  A two-headed ogre (D:7)
  An unseen horror (D:11)
  Maggie (D:7)
  A troll (D:11)
  A hornet (D:11)
  A wyvern (D:8)
  A water moccasin (D:6)
  Duvessa (D:7)
  4 orc warriors
  An ice beast (D:5)
  A sky beast (D:7)
  A black bear (D:8)
  5 ogres
  3 phantoms
  2 necrophages
  4 centaurs
  A big kobold (D:8)
  4 bullfrogs
  2 gnoll sergeants
  A wyvern skeleton (D:8)
  A scorpion (D:5)
  Dowan (D:7)
  2 howler monkeys
  3 crimson imps
  8 bullfrog zombies
  4 hounds
  2 centaur zombies (Ossuary)
  Crazy Yiuf (D:3)
  3 jellies
  2 quasits
  An orc priest (D:6)
  2 centaur skeletons
  10 orc wizards
  Jessica (D:2)
  A bullfrog skeleton (D:8)
  An iguana (D:4)
  11 worker ants
  3 hound zombies
  12 mummies (Ossuary)
  A howler monkey zombie (D:6)
  Robin (D:4)
  2 worker ant zombies (Ossuary)
  4 gnolls (D:7)
  11 adders
  2 shadow imps
  2 oozes
  6 adder zombies
  2 worms
  A dart slug (D:1)
  5 leopard geckos
  30 orcs
  6 bats
  4 giant cockroaches
  13 goblins
  11 hobgoblins
  7 jackals
  7 kobolds
  5 quokkas
  A ball python (D:2)
  8 frilled lizards
  A jackal zombie (Ossuary)
  A leopard gecko skeleton (D:5)
  A leopard gecko zombie (Ossuary)
  2 quokka skeletons
  9 rats
249 creatures vanquished.

Vanquished Creatures (collateral kills)
  A hippogriff (D:8)
  A water moccasin (D:8)
  An iguana (D:8)
  2 orcs (D:9)
5 creatures vanquished.

Vanquished Creatures (others)
  2 bullfrogs (D:12)
  5 withered plants (Ossuary)
7 creatures vanquished.

Grand Total: 261 creatures vanquished

Notes
Turn   | Place    | Note
-------+----------+-------------------------------------------
     0 | Abyss:1  | Esekla the Formicid Abyssal Knight began the quest for the
                  | Orb.
     0 | Abyss:1  | Reached XP level 1. HP: 18/18 MP: 2/2
    23 | Abyss:1  | Found a corrupted altar of Lugonu,
    81 | Abyss:2  | Noticed a large abomination
    88 | Abyss:2  | Noticed a large abomination
    90 | Abyss:2  | Noticed an ancient zyme
   107 | Abyss:2  | Noticed a wretched star
   143 | Abyss:3  | Found a corrupted altar of Lugonu,
   152 | Abyss:3  | Noticed a large abomination
   234 | D:1      | Escaped the Abyss
   358 | D:1      | Reached XP level 2. HP: 22/25 MP: 3/3
   375 | D:1      | Reached * piety under Lugonu
   568 | D:1      | Reached XP level 3. HP: 30/30 MP: 4/4
   856 | D:2      | Noticed Jessica
   873 | D:2      | Killed Jessica
   873 | D:2      | Reached XP level 4. HP: 27/38 MP: 5/5
   887 | D:2      | Identified Jessica's Handbook of Sinister Arts
   970 | D:2      | Reached skill level 1 in Dodging
  1228 | D:1      | Learned a level 4 spell: Summon Lightning Spire
  1278 | D:2      | Reached ** piety under Lugonu
  1284 | D:2      | Reached skill level 3 in Long Blades
  1696 | D:2      | Reached XP level 5. HP: 42/43 MP: 6/6
  1775 | D:3      | Found a glowing golden altar of the Shining One,
  1953 | D:3      | Found a runed translucent door,
  1954 | D:3      | Noticed Crazy Yiuf
  1993 | D:3      | Found an ancient bone altar of Kikubaaqudgha,
  2191 | D:4      | Noticed an ogre
  2192 | D:4      | Noticed Robin
  2200 | D:4      | Reached skill level 1 in Spellcasting
  2210 | D:4      | Killed an ogre
  2210 | D:4      | Reached skill level 1 in Throwing
  2210 | D:4      | Reached XP level 6. HP: 36/49 MP: 7/7
  2232 | D:4      | Killed Robin
  2232 | D:4      | Reached skill level 1 in Summonings
  2335 | D:5      | Entered Level 5 of the Dungeon
  2567 | D:4      | Reached *** piety under Lugonu
  2599 | D:4      | Reached XP level 7. HP: 43/55 MP: 9/9
  2638 | D:4      | Reached skill level 1 in Short Blades
  2978 | D:3      | Killed Crazy Yiuf
  2978 | D:3      | Reached skill level 4 in Long Blades
  3176 | D:4      | Reached skill level 5 in Fighting
  3176 | D:4      | Reached skill level 1 in Air Magic
  3209 | D:4      | Found a staircase to the Ecumenical Temple,
  3514 | D:5      | Reached XP level 8. HP: 62/62 MP: 12/12
  4112 | D:5      | Reached skill level 5 in Long Blades
  4305 | D:6      | Learned a level 2 spell: Searing Ray
  4309 | D:6      | Found a sand-covered staircase,
  4332 | Ossuary  | Entered an ossuary
  4405 | Ossuary  | Reached **** piety under Lugonu
  4419 | Ossuary  | Reached skill level 1 in Stealth
  4883 | Ossuary  | Reached XP level 9. HP: 67/68 MP: 14/14
  4919 | Ossuary  | Reached skill level 1 in Conjurations
  5466 | D:6      | Reached skill level 5 in Armour
  5828 | D:6      | Reached skill level 6 in Long Blades
  5829 | D:6      | Found a hazy altar of Hepliaklqana,
  5829 | D:6      | Found a faded altar of an unknown god,
  5836 | D:6      | Found a shimmering altar of Xom,
  5838 | D:6      | Found a basalt altar of Yredelemnul,
  5839 | D:6      | Found a faded altar of an unknown god,
  5897 | D:6      | Found a shimmering blue altar of Sif Muna,
  5938 | D:6      | Found a snail-covered altar of Cheibriados,
  5975 | D:7      | Noticed Maggie
  6057 | D:7      | Killed Maggie
  6846 | D:7      | Noticed Dowan
  6846 | D:7      | Noticed Duvessa
  6856 | D:7      | Killed Dowan
  6856 | D:7      | Reached XP level 10. HP: 75/75 MP: 12/16
  6860 | D:7      | Killed Duvessa
  6921 | D:7      | Reached ***** piety under Lugonu
  7420 | D:7      | Found a hide-covered altar of Uskayaw,
  7431 | D:7      | Found a radiant altar of Vehumet,
  7431 | D:7      | Found a shattered altar of Ashenzari,
  7535 | D:8      | Found a shadowy altar of Dithmenos,
  7537 | D:8      | Found a bloodstained altar of Trog,
  7537 | D:8      | Noticed a two-headed ogre
  7568 | D:7      | Killed a two-headed ogre
  7568 | D:7      | Reached skill level 5 in Summonings
  7823 | D:8      | Reached skill level 5 in Spellcasting
  8831 | D:8      | You fall into a shaft and drop 3 floors!
  9094 | D:11     | Noticed Gastronok
  9259 | D:12     | Noticed a gargoyle
  9271 | D:12     | Noticed a cyclops
  9280 | D:12     | Noticed a cyclops
  9288 | D:12     | Found a flickering gateway to a bazaar,
  9298 | Bazaar   | Entered a bazaar
  9298 | Bazaar   | Found Adajat's Book Shoppe,
  9298 | Bazaar   | Found Leph's Antique Armour Shoppe,
  9298 | Bazaar   | Found Okoqis's Distillery,
  9300 | Bazaar   | Found Vuocle's Antique Armour Emporium,
  9336 | Bazaar   | Bought a book of Clouds for 315 gold pieces
  9339 | Bazaar   | Learned a level 2 spell: Poisonous Vapours
  9343 | Bazaar   | Learned a level 3 spell: Conjure Flame
  9347 | Bazaar   | Learned a level 3 spell: Mephitic Cloud
  9350 | Bazaar   | Bought a shiny buckler for 247 gold pieces
  9521 | D:12     | Got a warped leather armour
  9774 | D:11     | Identified the +3 leather armour of Ruim Oteg {rCorr} (You
                  | found it on level 12 of the Dungeon)
  9849 | D:12     | Reached skill level 1 in Poison Magic
  9929 | D:12     | Reached XP level 11. HP: 76/80 MP: 18/18
 10174 | D:11     | Noticed an unseen horror
 10198 | D:11     | Killed an unseen horror
 10198 | D:11     | Reached skill level 1 in Shields
 10198 | D:11     | Reached skill level 1 in Fire Magic
 10229 | D:10     | Entered Level 10 of the Dungeon
 10415 | D:9      | Reached skill level 7 in Long Blades
 10489 | D:9      | Noticed Joseph
 10739 | D:8      | Noticed a tengu warrior
 10759 | D:8      | HP: 4/80 [acid dragon/splash of acid (14)]
 10759 | D:8      | Splashed by an acid dragon's acid

Levels and vault maps discovered:
D:1:      dpeg_arrival_signposts, layout_loops_ring, minmay_splitting_lines,
          st_stairs_7, hangedman_decor_riveting
D:2:      layout_basic, grunt_ministairs_3, kennysheep_jessica_study
D:3:      layout_basic, old_standard_altar, old_standard_altar,
          serial_bayou_lagoon_a, uniq_crazy_yiuf_cottage
D:4:      cheibrodos_quashed, layout_basic, minmay_temple_entry_statues_pillars,
          uniq_robin
D:5:      layout_basic, first_ration
D:6:      layout_basic, tgw_sif, kennysheep_mini_moat,
          chequers_temple_overflow_minitemple, nicolae_ossuary_entry_ruins,
          small_statue_intersection
D:7:      layout_loops_ring, minitemple, uniq_duvessa, uniq_maggie
D:8:      kennysheep_windowed_halls, layout_basic,
          chequers_temple_overflow_statue_of_worship
D:9:      layout_gridville, makhleb_blood_cavern_becter, david_lair_shrubbed,
          hiddenorc1_lemuel, uniq_joseph
D:10:     layout_gridville, uniq_harold
D:11:     layout_basic, the_bakery, uniq_gastronok, uniq_fannar
D:12:     layout_long_grid, serial_shops, bzr_in_the_mist,
          minmay_checkered_concentric_circles

Skill      XL: |  1  2  3  4  5  6  7  8  9 10 11 |
---------------+----------------------------------+-----
Fighting       | 4 5 6 |  6.0
Dodging        | 1 2 3 |  3.2
Long Blades    | 3 4 5 6 7 |  7.0
Armour         | 3 4 5 |  5.2
Spellcasting   | 1 2 3 4 5 |  5.6
Throwing       | 1 2 3 |  3.4
Summonings     | 1 2 4 5 6 |  6.0
Short Blades   | 2 3 |  3.9
Air Magic      | 1 2 3 |  3.7
Stealth        | 1 2 |  2.9
Conjurations   | 3 4 |  4.2
Poison Magic   | 1 3 |  3.5
Shields        | 2 |  2.1
Fire Magic     | 1 |  1.8
Polearms       | |  0.1
Invocations    | |  2.4

Action                   |  1- 3 |  4- 6 |  7- 9 | 10-12 || total
-------------------------+-------+-------+-------+-------++-------
Melee: Falchion          |    87 |    68 |   241 |    89 ||   485
       Short sword       |       |    78 |   132 |   110 ||   320
       Dagger            |       |       |       |    99 ||    99
       Halberd           |       |       |       |     4 ||     4
Throw: Javelin           |     3 |    24 |    36 |    12 ||    75
       Boomerang         |       |       |       |    26 ||    26
 Cast: Searing Ray       |       |       |    22 |     7 ||    29
       Summon Lightning  |       |       |       |     8 ||     8
       Mephitic Cloud    |       |       |       |     2 ||     2
       Poisonous Vapours |       |       |       |     1 ||     1
Invok: Depart the Abyss  |     1 |       |       |       ||     1
       Bend Space        |       |       |     1 |     1 ||     2
 Abil: Dig               |       |       |    25 |       ||    25
       Shaft Self        |       |       |       |     1 ||     1
Evoke: Wand              |     1 |       |       |     1 ||     2
  Use: Scroll            |       |     3 |    14 |     7 ||    24
       Potion            |       |       |       |     1 ||     1
 Stab: Sleeping          |       |       |     1 |       ||     1
       Confused          |       |       |       |     1 ||     1
  Eat: Chunk             |       |     5 |     7 |    11 ||    23
       Ration            |       |       |     3 |     1 ||     4
Armor: Scale mail        |    61 |    63 |    62 |       ||   186
       Leather armour    |       |       |    46 |    18 ||    64
       Steam dragon scal |       |       |       |    46 ||    46
       Troll leather arm |       |       |       |    36 ||    36
Dodge: Dodged            |    45 |    73 |   192 |   201 ||   511
Block: Buckler           |       |       |       |    41 ||    41
       Rpst.: Falchion   |    12 |    15 |    40 |    10 ||    77

Table legend:
 A = Non-vault XP
 B = Vault XP
 C = Vault XP percentage of total XP
 D = Non-vault monster count
 E = Vault monster count
 F = Vault count percentage of total count
                 A         B        C        D         E       F
            +---------+---------+-------+---------+---------+-------
      Total |    7467 |    2322 |  23.7 |     195 |      60 |  23.5
            +---------+---------+-------+---------+---------+-------
        D:1 |      38 |       1 |   2.6 |      19 |       1 |   5.0
        D:2 |      61 |      41 |  40.2 |      20 |       3 |  13.0
        D:3 |      79 |      42 |  34.7 |      22 |       1 |   4.3
        D:4 |     493 |      36 |   6.8 |      22 |      11 |  33.3
        D:5 |     764 |       0 |   0.0 |      26 |       0 |   0.0
        D:6 |     556 |      39 |   6.6 |      13 |       1 |   7.1
        D:7 |    2127 |     548 |  20.5 |      29 |       3 |   9.4
        D:8 |    1416 |     827 |  36.9 |      26 |      11 |  29.7
        D:9 |     292 |       0 |   0.0 |       7 |       0 |   0.0
       D:11 |    1361 |       0 |   0.0 |       6 |       0 |   0.0
       D:12 |     280 |       0 |   0.0 |       5 |       0 |   0.0
    Ossuary |       0 |     788 | 100.0 |       0 |      29 | 100.0
            +---------+---------+-------+---------+---------+-------
